 Dungeon Crawl Stone Soup version 0.30-a0-1163-gf69bf04e7a (webtiles) character file.

Game seed: 12301384004368152654

2 AleXD21137 the Magician (level 1, 0/13 HPs)
             Began as a Gnoll Hedge Wizard on Apr 28, 2023.
             Slain by a bat (1 damage)
             ... on level 1 of the Dungeon.
             The game lasted 00:00:57 (221 turns).

AleXD21137 the Magician (Gnoll Hedge Wizard)         Turns: 221, Time: 00:00:58

Health: 0/13       AC:  2    Str:  9    XL:     1   Next: 30%
Magic:  8/8        EV: 13    Int: 13    God:
Gold:   8          SH:  0    Dex: 11    Spells: 13/14 levels left

rFire   . . .        a - +0 dagger
rCold   . . .        (no shield)
rNeg    . . .        b - +0 robe
rPois   .            c - +0 hat
rElec   .            (no cloak)
rCorr   .            (no gloves)
SInv    .            (no boots)
Will    .....        (no amulet)
Stlth   ++           (no ring)
HPRegen 0.22/turn    (no ring)
MPRegen 0.11/turn

%: no passive effects
@: no status effects
A: fangs 1, strong nose, distributed training
a: no special abilities


You were on level 1 of the Dungeon.
You visited 1 branch of the dungeon, and saw 1 of its levels.

You collected 8 gold pieces.

Inventory:

Hand Weapons
 a - a +0 dagger (weapon)
Armour
 b - a +0 robe (worn)
 c - a +0 hat (worn)
Scrolls
 e - 3 scrolls of enchant weapon {unknown}
Potions
 d - a potion of magic
 f - a potion of curing {unknown}


   Skills:
 + Level 0.0 Fighting
 + Level 0.0 Short Blades
 + Level 0.0 Long Blades
 + Level 0.0 Axes
 + Level 0.0 Maces & Flails
 + Level 0.0 Polearms
 + Level 0.0 Staves
 + Level 0.0 Ranged Weapons
 + Level 0.0 Throwing
 + Level 0.0 Armour
 + Level 4.4 Dodging
 + Level 4.0 Stealth
 + Level 0.0 Shields
 + Level 0.0 Unarmed Combat
 + Level 7.0 Spellcasting
 + Level 1.9 Conjurations
 + Level 0.0 Hexes
 + Level 1.9 Summonings
 + Level 0.0 Necromancy
 + Level 1.9 Translocations
 + Level 0.0 Transmutations
 + Level 0.0 Fire Magic
 + Level 0.0 Ice Magic
 + Level 0.0 Air Magic
 + Level 0.0 Earth Magic
 + Level 0.0 Poison Magic
 + Level 0.1 Invocations
 + Level 0.0 Evocations


You had 13 spell levels left.
You knew the following spells:

 Your Spells              Type           Power      Damage    Failure   Level
a - Magic Dart            Conj           36%        1d4       7%          1

Your spell library contained the following spells:

 Spells                   Type           Power      Damage    Failure   Level
 Blink                    Tloc           18%        N/A       11%         2
 Call Imp                 Summ           18%        N/A       11%         2
 Slow                     Hex            16%        N/A       16%         1
 Cigotuvi's Dreadful Rot  Necr/Pois/Air  8%         N/A       22%         2
 Mephitic Cloud           Conj/Pois/Air  6%         N/A       34%         3


Dungeon Overview and Level Annotations

Branches:
Dungeon (1/15)

Altars:


Innate Abilities, Weirdness & Mutations

You have very sharp teeth.
Your uncanny sense of smell can sniff out nearby items.
Your experience applies equally to all skills.


Message History

The endoplasm is moderately wounded.
The giant cockroach bites you but does no damage.
The endoplasm hits you but does no damage.
You hit the endoplasm but do no damage.
The endoplasm is moderately wounded.
The giant cockroach barely misses you. The endoplasm hits you.
You barely miss the endoplasm. You bite the endoplasm.
The endoplasm is heavily wounded.
The giant cockroach barely misses you.
The endoplasm hits you but does no damage.
You hit the endoplasm but do no damage.
The endoplasm is heavily wounded.
The giant cockroach closely misses you. The endoplasm barely misses you.
The giant cockroach bites you.
You hit the endoplasm.
You kill the endoplasm!
The bat closely misses you. The giant cockroach barely misses you.
A goblin comes into view. It is wielding a +0 dagger.
The goblin shouts!
The bat barely misses you. The bat barely misses you.
The bat closely misses you. The bat hits you but does no damage.
You hit the bat but do no damage. The bat completely misses you.
The giant cockroach bites you. The goblin closely misses you.
The bat barely misses you. The giant cockroach misses you.
The goblin hits you with a +0 dagger.
* * * LOW HITPOINT WARNING * * *
A giant cockroach comes into view.
The giant cockroach barely misses you. The bat closely misses you.
You hit the bat.
The bat is severely wounded.
The bat hits you but does no damage. The giant cockroach bites you.
* * * LOW HITPOINT WARNING * * *
The goblin hits you with a +0 dagger.
* * * LOW HITPOINT WARNING * * *
The bat closely misses you. The giant cockroach misses you.
The goblin barely misses you. The giant cockroach misses you. The bat hits you.
You die...

#...##...##...##.##
#....#....##...#... ###
##...##....###.#... ....
#)...##.....#.#'##
....###....###.....#...
....###.....#'##..#...
....##.......####.##
####Bg####.......#...
#...@....####....#...
.....##bB.#(†.###...####
... #...###........... .
.............#..#.#
.......#.......#..# #
........#.......#....
........#.......#.....
........#.......# ....
#.......# ...


You could see 2 giant cockroaches, a goblin and a bat.

Vanquished Creatures
  An endoplasm (D:1)
  A bat (D:1)
2 creatures vanquished.

Notes
Turn   | Place    | Note
-------+----------+-------------------------------------------
     0 | D:1      | AleXD21137 the Gnoll Hedge Wizard began the quest for the
                  | Orb.
     0 | D:1      | Reached XP level 1. HP: 13/13 MP: 8/8
   221 | D:1      | Slain by a bat

Illustrated notes

Levels and vault maps discovered:
D:1:      dpeg_arrival_circle_labyrinth_a, layout_basic

Action                     || total
---------------------------++-------
  Melee: Dagger            ||    12
         Bite              ||     2
 Armour: Robe              ||     8
  Dodge: Dodged            ||    26

Table legend: (Time is in decaauts)
 A = Elapsed time spent in this place.
 B = Non-inter-level travel time spent in this place.
 C = Inter-level travel time spent in this place.
 D = Time resting spent in this place.
 E = Time spent auto-exploring this place.
 F = Levels seen in this place.
 G = Mean time per level.
                   A        B        C        D        E       F      G
               +--------+--------+--------+--------+--------+-----+--------+
         Total |    221 |    221 |      0 |      0 |     96 |   1 |  221.0 |
       Dungeon |    221 |    221 |      0 |      0 |     96 |   1 |  221.0 |
               +--------+--------+--------+--------+--------+-----+--------+

Top non-repeatable levels by time:
     D:1: 221 daAuts
